Los Angeles Kings vs San Jose Sharks
Created - Tuesday, April 1, 2025 at 08:10
Goals
|
| Los Angeles Kings |
0 |
1 |
3 |
0 |
1 |
4 |
| San Jose Sharks |
1 |
1 |
2 |
0 |
2 |
5 |
|
Shots
|
| Los Angeles Kings |
4 |
10 |
16 |
0 |
6 |
30 |
| San Jose Sharks |
20 |
4 |
11 |
2 |
6 |
37 |
|
1st period
1. San Jose Sharks , Jonathan Drouin 17 (Ryan Johansen 12) at 7:34
Penalties :
Andrei Svechnikov (LAK) for Unsportsmanlike conduct (Minor) at 16:06
2nd period
2. Los Angeles Kings , Adam Fantilli 11 (Andrei Svechnikov 19, Noah Dobson 24) at 13:15 (PP)
3. San Jose Sharks , Max Domi 5 (Alec Martinez 6, T.J. Oshie 13) at 16:24
Penalties :
Sean Durzi (SJS) for Delaying the game (Minor) at 4:05, Sean Durzi (SJS) for Cross-checking (Minor) at 12:03, Andrei Svechnikov (LAK) for Holding (Minor) at 14:09, Stuart Skinner (SJS) for Delaying the game (Minor) at 16:41 - Marcus Pettersson served the penalty
3rd period
4. San Jose Sharks , Noel Acciari 3 (Eeli Tolvanen 9, Max Domi 16) at 3:23
5. San Jose Sharks , T.J. Oshie 16 (Max Domi 17) at 11:57
6. Los Angeles Kings , Adam Fantilli 12 (K'Andre Miller 8) at 18:39
7. Los Angeles Kings , Seth Jarvis 20 (Logan Cooley 22, Erik Brannstrom 9) at 18:53 (PP)
8. Los Angeles Kings , Logan Cooley 10 (Seth Jarvis 26) at 19:13
Penalties :
Blake Wheeler (LAK) for Interference (Minor) at 9:26, T.J. Oshie (SJS) for Interference (Minor) at 18:42
Overtime #1
No Goal
Penalties :
No Penalty
Shootout
Los Angeles Kings, Seth Jarvis - Stopped by Stuart Skinner
San Jose Sharks, Adam Henrique - Stopped by Andrei Vasilevskiy
Los Angeles Kings, Andrei Svechnikov - Goal!
San Jose Sharks, Kevin Fiala - Stopped by Andrei Vasilevskiy
Los Angeles Kings, Erik Brannstrom - Stopped by Stuart Skinner
San Jose Sharks, Yegor Sharangovich - Goal!
Los Angeles Kings, Logan Cooley - Shot Misses the Net
San Jose Sharks, Jonathan Drouin - Stopped by Andrei Vasilevskiy
Los Angeles Kings, Blake Wheeler - Stopped by Stuart Skinner
San Jose Sharks, T.J. Oshie - Stopped by Andrei Vasilevskiy
Los Angeles Kings, Andrei Kuzmenko - Stopped by Stuart Skinner
San Jose Sharks, Brandon Tanev - Goal!
Penalties :
No Penalty
Goalie Stats
Andrei Vasilevskiy (LAK), 33 saves from 37 shots - (0.892), OTL, 7-15-4, 64:44 minutes
Stuart Skinner (SJS), 26 saves from 30 shots - (0.867), W, 21-9-2, 65:00 minutes
Players Stats for Los Angeles Kings
Player Name G A P +/- PIM S H SB GA TA FO MP PP MP PK MP
------------------------------------------------------------------------------------
Adam Fantilli 2 0 2 1 0 3 0 2 1 0 9/19 18:23 2:47 0:18
Alexander Alexeyev 0 0 0 0 0 0 0 0 0 0 0/0 14:28 0:00 0:00
Alexander Romanov 0 0 0 -3 0 0 4 2 0 0 0/0 24:30 2:45 2:42
Andrei Kuzmenko 0 0 0 -2 0 3 1 0 0 0 0/0 13:32 0:00 0:00
Andrei Svechnikov 0 1 1 0 4 2 6 0 0 1 0/1 20:46 2:47 0:53
Blake Wheeler 0 0 0 0 2 3 2 1 1 0 0/1 21:32 2:44 0:00
Cooper Marody 0 0 0 0 0 1 1 0 0 0 2/6 6:04 0:00 0:00
Erik Brannstrom 0 1 1 -1 0 0 1 0 2 0 0/3 26:31 2:27 2:35
K'Andre Miller 0 1 1 1 0 2 0 2 0 0 0/0 26:12 2:36 3:15
Logan Cooley 1 1 2 0 0 6 2 0 0 1 11/21 21:12 2:30 2:40
Michael Eyssimont 0 0 0 -2 0 1 3 3 1 0 0/2 13:11 0:00 0:00
Noah Dobson 0 1 1 1 0 2 1 3 0 2 0/0 26:02 2:36 3:15
Owen Power 0 0 0 -3 0 1 0 2 0 1 0/0 24:30 2:45 2:42
Peyton Krebs 0 0 0 -2 0 2 2 1 0 0 2/9 15:51 0:00 2:14
Ryan Reaves 0 0 0 0 0 0 0 0 0 0 0/0 2:02 0:04 0:00
Seth Jarvis 1 1 2 -1 0 4 5 0 0 0 0/4 21:34 2:33 3:04
Trent Frederic 0 0 0 1 0 0 1 1 0 0 0/0 17:30 0:11 0:00
Vitali Kravtsov 0 0 0 0 0 0 0 0 0 0 0/0 0:10 0:00 0:10
Players Stats for San Jose Sharks
Player Name G A P +/- PIM S H SB GA TA FO MP PP MP PK MP
------------------------------------------------------------------------------------
Adam Henrique 0 0 0 -1 0 2 2 1 0 0 15/23 22:13 2:59 2:38
Alec Martinez 0 1 1 2 0 0 0 1 0 1 0/0 15:03 0:00 1:04
Brandon Tanev 0 0 0 1 0 3 1 1 0 0 0/0 11:51 0:00 0:00
Calle Jarnkrok 0 0 0 1 0 2 2 0 0 0 0/0 7:51 0:00 0:00
Christopher Tanev 0 0 0 -1 0 0 0 0 0 0 0/0 29:20 3:00 3:12
Connor Murphy 0 0 0 1 0 0 1 0 0 1 0/0 21:43 2:57 2:09
Dmitry Orlov 0 0 0 2 0 0 0 0 0 0 0/0 14:54 0:00 1:29
Eeli Tolvanen 0 1 1 1 0 3 1 0 0 0 0/0 8:51 0:07 0:00
Jonathan Drouin 1 0 1 1 0 3 0 0 1 0 0/0 21:59 2:58 2:43
Kevin Fiala 0 0 0 -1 0 5 1 1 0 0 2/4 22:13 2:59 2:38
Marcus Pettersson 0 0 0 -1 0 1 1 2 1 2 0/0 28:35 3:00 1:55
Matthew Knies 0 0 0 1 0 3 6 0 1 0 0/1 17:23 2:58 0:00
Max Domi 1 2 3 1 0 4 0 1 0 0 7/9 12:39 0:00 0:00
Noel Acciari 1 0 1 1 0 2 1 0 1 1 2/2 7:51 0:00 0:00
Ryan Johansen 0 1 1 1 0 1 2 0 0 0 16/27 21:51 2:51 2:43
Sean Durzi 0 0 0 1 4 3 1 2 0 0 0/0 20:25 2:57 0:53
T.J. Oshie 1 1 2 1 2 3 5 0 0 0 0/0 11:50 0:00 0:00
Yegor Sharangovich 0 0 0 -1 0 2 4 0 1 0 0/0 18:04 2:59 0:00
3 Stars
1 - Max Domi (SJS)
2 - Adam Fantilli (LAK)
3 - T.J. Oshie (SJS)
Power Play
Los Angeles Kings - 2 on 4 Attempt(s) - 50.00%
San Jose Sharks - 0 on 3 Attempt(s) - 0.00%
Penalty Kill
Los Angeles Kings - 3 on 3 Attempt(s) - 100.00%
- Score 0 goal in Penalty Kill
San Jose Sharks - 2 on 4 Attempt(s) - 50.00%
- Score 0 goal in Penalty Kill
Team Stat
Los Angeles Kings - Hits : 29 - Faceoff Wins : 24 - Blocked Shots : 17 - Penalty Minutes : 6
San Jose Sharks - Hits : 28 - Faceoff Wins : 42 - Blocked Shots : 9 - Penalty Minutes : 8
Official
Referees : Morgan Macphee and Garrett Rank
Linesman : Ben O'Quinn and Trent Knorr
Game Notes
18:53 of 3rd period - Los Angeles Kings goal is going for a video replay. After video review, Goal.
Finance
Level 1 -- Attendance: 4684 (78.07%) -- Ticket Income $454,348
Level 2 -- Attendance: 5000 (100.00%) -- Ticket Income $285,000
Level 3 -- Attendance: 3000 (100.00%) -- Ticket Income $99,000
Level 4 -- Attendance: 5000 (100.00%) -- Ticket Income $110,000
Luxury Box -- Attendance: 883 (88.30%) -- Ticket Income $170,419
Game was played at the SAP Center at San Jose.
Total Attendance: 18567 (92.84%)
Total Ticket Income: $1,118,767
Other Income: $391,568
Total Income: $1,510,335
Los Angeles Kings
5 vs 5 Forward
Center Left Wing Right Wing Time % Phy DF OF
1 Logan Cooley Erik Brannstrom Seth Jarvis 30 1 2 2
2 Adam Fantilli Trent Frederic Andrei Svechnikov 30 1 2 2
3 Peyton Krebs Andrei Kuzmenko Michael Eyssimont 25 1 2 2
4 Cooper Marody Erik Brannstrom Blake Wheeler 15 1 2 2
5 vs 5 Defense
Defense Defense Time % Phy DF OF
1 Noah Dobson K'Andre Miller 35 1 2 2
2 Alexander Romanov Owen Power 35 1 2 2
3 Alexander Alexeyev Blake Wheeler 30 1 2 2
4 Noah Dobson K'Andre Miller 0 1 2 2
PowerPlay Forward
Center Left Wing Right Wing Time % Phy DF OF
1 Logan Cooley Erik Brannstrom Seth Jarvis 50 1 2 2
2 Adam Fantilli Blake Wheeler Andrei Svechnikov 50 1 2 2
PowerPlay Defense
Defense Defense Time % Phy DF OF
1 Noah Dobson K'Andre Miller 50 1 2 2
2 Alexander Romanov Owen Power 50 1 2 2
Penalty Kill 4 Players Forward
Center Wing Time % Phy DF OF
1 Seth Jarvis Andrei Svechnikov 50 1 2 2
2 Erik Brannstrom Logan Cooley 50 1 2 2
Penalty Kill 4 Players Defense
Defense Defense Time % Phy DF OF
1 Noah Dobson K'Andre Miller 50 1 2 2
2 Alexander Romanov Owen Power 50 1 2 2
Penalty Kill - 3 Players Forward
Forward Time % Phy DF OF
1 Seth Jarvis 50 1 2 2
2 Andrei Svechnikov 50 1 2 2
Penalty Kill - 3 Players Defense
Defense Defense Time % Phy DF OF
1 Noah Dobson K'Andre Miller 50 1 2 2
2 Alexander Romanov Owen Power 50 1 2 2
4 vs 4 Forward
Center Wing Time % Phy DF OF
1 Seth Jarvis Andrei Svechnikov 50 1 2 2
2 Erik Brannstrom Logan Cooley 50 1 2 2
4 vs 4 Defense
Defense Defense Time % Phy DF OF
1 Noah Dobson K'Andre Miller 50 1 2 2
2 Alexander Romanov Owen Power 50 1 2 2
Last Minutes Offensive
Center Left Wing Right Wing Defense Defense
Logan Cooley Erik Brannstrom Seth Jarvis Noah Dobson K'Andre Miller
Last Minutes Defensive
Center Left Wing Right Wing Defense Defense
Logan Cooley Erik Brannstrom Seth Jarvis Noah Dobson K'Andre Miller
Goaltenders
Starting : Andrei Vasilevskiy
Backup : Jonas Johansson
Extra Forwards
Normal : Trent Frederic, Ryan Reaves, Seth Jarvis - PP : Trent Frederic, Ryan Reaves - PK : Seth Jarvis
Extra Defensemen
Normal : Noah Dobson, Erik Brannstrom, Alexander Romanov - PP : K'Andre Miller - PK : Erik Brannstrom, Alexander Romanov
Penalty Shots
Seth Jarvis, Andrei Svechnikov, Erik Brannstrom, Logan Cooley, Blake Wheeler
Scratches
Michael Milne (Healthy), Jakub Zboril (Healthy)
San Jose Sharks
5 vs 5 Forward
Center Left Wing Right Wing Time % Phy DF OF
1 Adam Henrique Kevin Fiala Yegor Sharangovich 30 1 2 2
2 Ryan Johansen Matthew Knies Jonathan Drouin 30 1 2 2
3 Max Domi Brandon Tanev T.J. Oshie 25 1 2 2
4 Noel Acciari Eeli Tolvanen Calle Jarnkrok 15 1 2 2
5 vs 5 Defense
Defense Defense Time % Phy DF OF
1 Marcus Pettersson Christopher Tanev 30 1 2 2
2 Sean Durzi Connor Murphy 30 1 2 2
3 Alec Martinez Dmitry Orlov 25 1 2 2
4 Marcus Pettersson Christopher Tanev 15 1 2 2
PowerPlay Forward
Center Left Wing Right Wing Time % Phy DF OF
1 Adam Henrique Kevin Fiala Yegor Sharangovich 50 1 2 2
2 Ryan Johansen Matthew Knies Jonathan Drouin 50 1 2 2
PowerPlay Defense
Defense Defense Time % Phy DF OF
1 Marcus Pettersson Christopher Tanev 50 1 2 2
2 Sean Durzi Connor Murphy 50 1 2 2
Penalty Kill 4 Players Forward
Center Wing Time % Phy DF OF
1 Adam Henrique Kevin Fiala 50 1 2 2
2 Ryan Johansen Jonathan Drouin 50 1 2 2
Penalty Kill 4 Players Defense
Defense Defense Time % Phy DF OF
1 Marcus Pettersson Christopher Tanev 50 1 2 2
2 Sean Durzi Connor Murphy 50 1 2 2
Penalty Kill - 3 Players Forward
Forward Time % Phy DF OF
1 Adam Henrique 50 1 2 2
2 Noel Acciari 50 1 2 2
Penalty Kill - 3 Players Defense
Defense Defense Time % Phy DF OF
1 Marcus Pettersson Christopher Tanev 50 1 2 2
2 Sean Durzi Connor Murphy 50 1 2 2
4 vs 4 Forward
Center Wing Time % Phy DF OF
1 Adam Henrique Kevin Fiala 50 1 2 2
2 Ryan Johansen Jonathan Drouin 50 1 2 2
4 vs 4 Defense
Defense Defense Time % Phy DF OF
1 Marcus Pettersson Christopher Tanev 50 1 2 2
2 Sean Durzi Connor Murphy 50 1 2 2
Last Minutes Offensive
Center Left Wing Right Wing Defense Defense
Adam Henrique Kevin Fiala Yegor Sharangovich Marcus Pettersson Christopher Tanev
Last Minutes Defensive
Center Left Wing Right Wing Defense Defense
Adam Henrique Kevin Fiala Yegor Sharangovich Marcus Pettersson Christopher Tanev
Goaltenders
Starting : Stuart Skinner
Backup : Tristan Jarry
Extra Forwards
Normal : Ryan Johansen, Eeli Tolvanen, Max Domi - PP : Ryan Johansen, Eeli Tolvanen - PK : Max Domi
Extra Defensemen
Normal : Alec Martinez, Dmitry Orlov, Sean Durzi - PP : Alec Martinez - PK : Dmitry Orlov, Sean Durzi
Penalty Shots
Adam Henrique, Kevin Fiala, Yegor Sharangovich, Jonathan Drouin, T.J. Oshie
Scratches
Ilya Mikheyev (Healthy), Kasperi Kapanen (Healthy), Nick Perbix (Healthy), Clay Stevenson (Healthy)
% Time on Ice - Los Angeles Kings
Lines # - Real PCT - Wanted PCT - Time Play
Normal Forward
1 - 29% - 30% - 13:55
2 - 31% - 30% - 15:12
3 - 27% - 25% - 13:11
4 - 13% - 15% - 6:04
Normal Defense
1 - 35% - 35% - 16:57
2 - 35% - 35% - 16:51
3 - 29% - 30% - 14:07
4 - 1% - 0% - 0:27
PP Forward
1 - 48% - 50% - 2:34
2 - 52% - 50% - 2:47
PP Defense
1 - 49% - 50% - 2:36
2 - 51% - 50% - 2:45
PK Forward
1 - 58% - 50% - 3:26
2 - 42% - 50% - 2:31
PK Defense
1 - 55% - 50% - 3:15
2 - 45% - 50% - 2:42
PK3 Forward
1 - 0% - 50%
2 - 0% - 50%
PK3 Defense
1 - 0% - 50%
2 - 0% - 50%
44 Forward
1 - 52% - 50% - 2:35
2 - 48% - 50% - 2:25
44 Defense
1 - 49% - 50% - 2:27
2 - 51% - 50% - 2:33
Last Minute Offensive - 0:20
Last Minute Defensive - 0:00
Total
Forward - 65:00
Defense - 65:00
|
% Time on Ice - San Jose Sharks
Lines # - Real PCT - Wanted PCT - Time Play
Normal Forward
1 - 29% - 30% - 14:15
2 - 30% - 30% - 14:25
3 - 25% - 25% - 11:51
4 - 16% - 15% - 7:51
Normal Defense
1 - 31% - 30% - 15:01
2 - 30% - 30% - 14:37
3 - 27% - 25% - 13:07
4 - 12% - 15% - 5:37
PP Forward
1 - 50% - 50% - 2:59
2 - 50% - 50% - 2:58
PP Defense
1 - 50% - 50% - 3:00
2 - 50% - 50% - 2:57
PK Forward
1 - 49% - 50% - 2:38
2 - 51% - 50% - 2:43
PK Defense
1 - 60% - 50% - 3:12
2 - 40% - 50% - 2:09
PK3 Forward
1 - 0% - 50%
2 - 0% - 50%
PK3 Defense
1 - 0% - 50%
2 - 0% - 50%
44 Forward
1 - 44% - 50% - 2:13
2 - 56% - 50% - 2:47
44 Defense
1 - 54% - 50% - 2:42
2 - 46% - 50% - 2:18
Last Minute Offensive - 0:00
Last Minute Defensive - 0:20
Total
Forward - 65:00
Defense - 65:00
|
Play-by-Play
1st period
0:01 of 1st period - Adam Henrique wins face-off versus Logan Cooley in neutral zone.
0:48 of 1st period - Kevin Fiala is hit by Andrei Svechnikov and loses puck.
1:59 of 1st period - Wrist shot by Blake Wheeler.
1:59 of 1st period - Shot Misses the Net.
2:01 of 1st period - Slapshot by Cooper Marody.
2:01 of 1st period - Stopped by Stuart Skinner with a rebound.
2:03 of 1st period - Slapshot by Owen Power.
2:03 of 1st period - Deflect By Blake Wheeler.
2:03 of 1st period - Shot Misses the Net.
2:03 of 1st period - Puck is out of play.
2:04 of 1st period - Ryan Johansen wins face-off versus Adam Fantilli in San Jose Sharks zone.
2:18 of 1st period - Icing by Trent Frederic.
2:19 of 1st period - Adam Fantilli wins face-off versus Max Domi in Los Angeles Kings zone.
2:32 of 1st period - Wrist shot by Andrei Svechnikov.
2:32 of 1st period - Shot Misses the Net.
2:51 of 1st period - Christopher Tanev is hit by Michael Eyssimont and loses puck.
3:10 of 1st period - Wrist shot by Calle Jarnkrok.
3:10 of 1st period - Deflect By Eeli Tolvanen.
3:10 of 1st period - Stopped by Andrei Vasilevskiy without a rebound.
3:11 of 1st period - Noel Acciari wins face-off versus Adam Fantilli in Los Angeles Kings zone.
3:12 of 1st period - Slapshot by Eeli Tolvanen.
3:12 of 1st period - Stopped by Andrei Vasilevskiy with a rebound.
3:39 of 1st period - Slapshot by T.J. Oshie.
3:39 of 1st period - Deflect By Max Domi.
3:39 of 1st period - Shot Misses the Net.
3:39 of 1st period - Puck is out of play.
3:40 of 1st period - Max Domi wins face-off versus Peyton Krebs in Los Angeles Kings zone.
3:53 of 1st period - Snap shot by T.J. Oshie.
3:53 of 1st period - Shot Blocked by Noah Dobson.
4:05 of 1st period - Connor Murphy is hit by Seth Jarvis and loses puck.
5:12 of 1st period - Erik Brannstrom is hit by Matthew Knies.
5:18 of 1st period - Wrist shot by Jonathan Drouin.
5:18 of 1st period - Shot Misses the Net.
5:20 of 1st period - Wrist shot by Matthew Knies.
5:20 of 1st period - Stopped by Andrei Vasilevskiy with a rebound.
5:22 of 1st period - Slapshot by Alec Martinez.
5:22 of 1st period - Shot Blocked by K'Andre Miller.
5:24 of 1st period - Snap shot by Matthew Knies.
5:24 of 1st period - Stopped by Andrei Vasilevskiy with a rebound.
5:54 of 1st period - Wrist shot by Calle Jarnkrok.
5:54 of 1st period - Shot Misses the Net.
6:16 of 1st period - Wrist shot by Yegor Sharangovich.
6:16 of 1st period - Deflect By Kevin Fiala.
6:16 of 1st period - Stopped by Andrei Vasilevskiy without a rebound.
6:17 of 1st period - Ryan Johansen wins face-off versus Adam Fantilli in Los Angeles Kings zone.
6:26 of 1st period - Slapshot by Jonathan Drouin.
6:26 of 1st period - Shot Blocked by Alexander Romanov.
6:42 of 1st period - Owen Power is hit by Adam Henrique and loses puck.
6:49 of 1st period - Slapshot by Andrei Kuzmenko.
6:49 of 1st period - Stopped by Stuart Skinner with a rebound.
7:03 of 1st period - Alexander Alexeyev is hit by Brandon Tanev and loses puck.
7:30 of 1st period - Snap shot by Calle Jarnkrok.
7:30 of 1st period - Deflect By Eeli Tolvanen.
7:30 of 1st period - Stopped by Andrei Vasilevskiy with a rebound.
7:32 of 1st period - Slapshot by Noel Acciari.
7:32 of 1st period - Stopped by Andrei Vasilevskiy without a rebound.
7:33 of 1st period - Ryan Johansen wins face-off versus Peyton Krebs in Los Angeles Kings zone.
7:34 of 1st period - Wrist shot by Jonathan Drouin.
7:34 of 1st period - Goal by Jonathan Drouin - Los Angeles Kings : 0 - San Jose Sharks : 1.
7:35 of 1st period - Logan Cooley wins face-off versus Ryan Johansen in neutral zone.
7:40 of 1st period - Jonathan Drouin is hit by Logan Cooley and loses puck.
7:53 of 1st period - Alexander Romanov is hit by Matthew Knies and loses puck.
8:14 of 1st period - Snap shot by Kevin Fiala.
8:14 of 1st period - Shot Blocked by Adam Fantilli.
8:16 of 1st period - Snap shot by Adam Henrique.
8:16 of 1st period - Shot Misses the Net.
8:18 of 1st period - Wrist shot by Kevin Fiala.
8:18 of 1st period - Shot Blocked by Alexander Romanov.
8:34 of 1st period - Wrist shot by Brandon Tanev.
8:34 of 1st period - Stopped by Andrei Vasilevskiy with a rebound.
8:36 of 1st period - Backhand shot by Christopher Tanev.
8:36 of 1st period - Shot Blocked by Owen Power.
8:38 of 1st period - Wrist shot by Christopher Tanev.
8:38 of 1st period - Deflect By T.J. Oshie.
8:38 of 1st period - Stopped by Andrei Vasilevskiy with a rebound.
9:08 of 1st period - Adam Henrique is hit by Alexander Romanov and loses puck.
9:25 of 1st period - Slapshot by Ryan Johansen.
9:25 of 1st period - Shot Blocked by Michael Eyssimont.
9:41 of 1st period - Max Domi is hit by Erik Brannstrom and loses puck.
9:48 of 1st period - Snap shot by Logan Cooley.
9:48 of 1st period - Deflect By Seth Jarvis.
9:48 of 1st period - Shot Blocked by Brandon Tanev.
9:48 of 1st period - Puck is out of play.
9:49 of 1st period - Adam Henrique wins face-off versus Adam Fantilli in San Jose Sharks zone.
10:22 of 1st period - Wrist shot by Seth Jarvis.
10:22 of 1st period - Stopped by Stuart Skinner with a rebound.
10:24 of 1st period - Snap shot by Erik Brannstrom.
10:24 of 1st period - Shot Misses the Net.
11:00 of 1st period - Wrist shot by Calle Jarnkrok.
11:00 of 1st period - Stopped by Andrei Vasilevskiy without a rebound.
11:01 of 1st period - Logan Cooley wins face-off versus Kevin Fiala in Los Angeles Kings zone.
11:11 of 1st period - Slapshot by Seth Jarvis.
11:11 of 1st period - Shot Blocked by Kevin Fiala.
11:13 of 1st period - Wrist shot by Seth Jarvis.
11:13 of 1st period - Deflect By Logan Cooley.
11:13 of 1st period - Shot Blocked by Sean Durzi.
11:13 of 1st period - Puck is out of play.
11:14 of 1st period - Kevin Fiala wins face-off versus Logan Cooley in San Jose Sharks zone.
11:51 of 1st period - Wrist shot by Yegor Sharangovich.
11:51 of 1st period - Stopped by Andrei Vasilevskiy with a rebound.
11:53 of 1st period - Wrist shot by Sean Durzi.
11:53 of 1st period - Stopped by Andrei Vasilevskiy with a rebound.
11:55 of 1st period - Slapshot by Sean Durzi.
11:55 of 1st period - Shot Misses the Net.
11:57 of 1st period - Slapshot by Sean Durzi.
11:57 of 1st period - Stopped by Andrei Vasilevskiy with a rebound.
12:15 of 1st period - Snap shot by Kevin Fiala.
12:15 of 1st period - Shot Blocked by Michael Eyssimont.
12:17 of 1st period - Wrist shot by Kevin Fiala.
12:17 of 1st period - Shot Misses the Net.
12:19 of 1st period - Slapshot by Connor Murphy.
12:19 of 1st period - Shot Misses the Net.
12:21 of 1st period - Wrist shot by Yegor Sharangovich.
12:21 of 1st period - Shot Blocked by Michael Eyssimont.
12:23 of 1st period - Slapshot by Connor Murphy.
12:23 of 1st period - Shot Blocked by Blake Wheeler.
12:25 of 1st period - Snap shot by Kevin Fiala.
12:25 of 1st period - Deflect By Alexander Alexeyev.
12:25 of 1st period - Shot Misses the Net.
12:25 of 1st period - Puck is out of play.
12:26 of 1st period - Ryan Johansen wins face-off versus Logan Cooley in Los Angeles Kings zone.
13:13 of 1st period - Snap shot by Brandon Tanev.
13:13 of 1st period - Shot Blocked by K'Andre Miller.
13:19 of 1st period - Cooper Marody is hit by Calle Jarnkrok.
13:23 of 1st period - Noah Dobson is hit by Eeli Tolvanen and loses puck.
13:46 of 1st period - Slapshot by Jonathan Drouin.
13:46 of 1st period - Stopped by Andrei Vasilevskiy with a rebound.
13:48 of 1st period - Wrist shot by Matthew Knies.
13:48 of 1st period - Deflect By K'Andre Miller.
13:48 of 1st period - Stopped by Andrei Vasilevskiy without a rebound.
13:49 of 1st period - Max Domi wins face-off versus Andrei Svechnikov in Los Angeles Kings zone.
14:39 of 1st period - Erik Brannstrom is hit by Yegor Sharangovich and loses puck.
15:06 of 1st period - Noel Acciari is hit by Andrei Svechnikov and loses puck.
15:40 of 1st period - Noah Dobson is hit by Ryan Johansen and loses puck.
16:06 of 1st period - Minor Penalty to Andrei Svechnikov for Unsportsmanlike conduct.
16:07 of 1st period - Adam Henrique wins face-off versus Seth Jarvis in Los Angeles Kings zone.
16:09 of 1st period - Wrist shot by Kevin Fiala.
16:09 of 1st period - Deflect By Yegor Sharangovich.
16:09 of 1st period - Shot Misses the Net.
16:09 of 1st period - Puck is out of play.
16:10 of 1st period - Adam Henrique wins face-off versus Seth Jarvis in Los Angeles Kings zone.
16:21 of 1st period - Slapshot by Kevin Fiala.
16:21 of 1st period - Stopped by Andrei Vasilevskiy with a rebound.
16:40 of 1st period - Icing by Matthew Knies.
16:41 of 1st period - Ryan Johansen wins face-off versus Seth Jarvis in San Jose Sharks zone.
16:41 of 1st period - Ryan Johansen is hit by Alexander Romanov.
17:06 of 1st period - Adam Henrique is hit by Alexander Romanov and loses puck.
17:11 of 1st period - Wrist shot by Logan Cooley.
17:11 of 1st period - Stopped by Stuart Skinner with a rebound.
17:13 of 1st period - Wrist shot by Noah Dobson.
17:13 of 1st period - Shot Misses the Net.
17:15 of 1st period - Snap shot by Erik Brannstrom.
17:15 of 1st period - Shot Blocked by Adam Henrique.
18:06 of 1st period - Penalty to Andrei Svechnikov is over, Andrei Svechnikov is back on ice.
18:16 of 1st period - Slapshot by Max Domi.
18:16 of 1st period - Stopped by Andrei Vasilevskiy with a rebound.
18:18 of 1st period - Snap shot by Brandon Tanev.
18:18 of 1st period - Shot Misses the Net.
18:20 of 1st period - Wrist shot by T.J. Oshie.
18:20 of 1st period - Shot Misses the Net.
18:22 of 1st period - Slapshot by Marcus Pettersson.
18:22 of 1st period - Stopped by Andrei Vasilevskiy without a rebound.
18:23 of 1st period - Max Domi wins face-off versus Adam Fantilli in Los Angeles Kings zone.
18:49 of 1st period - Eeli Tolvanen is hit by Seth Jarvis and loses puck.
19:16 of 1st period - Snap shot by Kevin Fiala.
19:16 of 1st period - Stopped by Andrei Vasilevskiy with a rebound.
19:30 of 1st period - Michael Eyssimont is hit by Matthew Knies and loses puck.
19:40 of 1st period - Off-side.
19:41 of 1st period - Adam Fantilli wins face-off versus Adam Henrique in neutral zone.
Goals for this period are 0 for Los Angeles Kings vs 1 for San Jose Sharks.
Shots for this period are 4 for Los Angeles Kings vs 20 for San Jose Sharks.
2nd period
0:01 of 2nd period - Ryan Johansen wins face-off versus Logan Cooley in neutral zone.
0:06 of 2nd period - Wrist shot by Ryan Johansen.
0:06 of 2nd period - Shot Misses the Net.
0:26 of 2nd period - Adam Fantilli is hit by T.J. Oshie.
1:15 of 2nd period - Wrist shot by Seth Jarvis.
1:15 of 2nd period - Stopped by Stuart Skinner with a rebound.
1:48 of 2nd period - Matthew Knies is hit by Peyton Krebs and loses puck.
3:03 of 2nd period - Peyton Krebs is hit by Noel Acciari and loses puck.
3:26 of 2nd period - Logan Cooley is hit by T.J. Oshie and loses puck.
4:05 of 2nd period - Minor Penalty to Sean Durzi for Delaying the game.
4:06 of 2nd period - Adam Fantilli wins face-off versus Adam Henrique in San Jose Sharks zone.
6:05 of 2nd period - Penalty to Sean Durzi is over, Sean Durzi is back on ice.
6:12 of 2nd period - Seth Jarvis is hit by T.J. Oshie and loses puck.
6:27 of 2nd period - Michael Eyssimont is hit by Calle Jarnkrok.
6:31 of 2nd period - Marcus Pettersson is hit by Michael Eyssimont and loses puck.
6:37 of 2nd period - Icing by Marcus Pettersson.
6:38 of 2nd period - Noel Acciari wins face-off versus Peyton Krebs in San Jose Sharks zone.
7:54 of 2nd period - Wrist shot by Andrei Svechnikov.
7:54 of 2nd period - Shot Misses the Net.
7:56 of 2nd period - Snap shot by Alexander Alexeyev.
7:56 of 2nd period - Shot Misses the Net.
7:58 of 2nd period - Slapshot by Blake Wheeler.
7:58 of 2nd period - Stopped by Stuart Skinner with a rebound.
8:00 of 2nd period - Slapshot by Andrei Svechnikov.
8:00 of 2nd period - Stopped by Stuart Skinner without a rebound.
8:01 of 2nd period - Adam Fantilli wins face-off versus Adam Henrique in San Jose Sharks zone.
8:08 of 2nd period - Adam Fantilli is hit by Yegor Sharangovich and loses puck.
8:39 of 2nd period - Snap shot by Brandon Tanev.
8:39 of 2nd period - Shot Misses the Net.
8:41 of 2nd period - Snap shot by T.J. Oshie.
8:41 of 2nd period - Shot Blocked by Adam Fantilli.
9:16 of 2nd period - Wrist shot by Andrei Kuzmenko.
9:16 of 2nd period - Stopped by Stuart Skinner without a rebound.
9:17 of 2nd period - Adam Henrique wins face-off versus Peyton Krebs in San Jose Sharks zone.
9:17 of 2nd period - Adam Henrique is hit by Peyton Krebs.
9:31 of 2nd period - Snap shot by Michael Eyssimont.
9:31 of 2nd period - Stopped by Stuart Skinner without a rebound.
9:32 of 2nd period - Logan Cooley wins face-off versus Ryan Johansen in San Jose Sharks zone.
9:35 of 2nd period - Backhand shot by Logan Cooley.
9:35 of 2nd period - Stopped by Stuart Skinner without a rebound.
9:36 of 2nd period - Logan Cooley wins face-off versus Ryan Johansen in San Jose Sharks zone.
9:37 of 2nd period - Snap shot by Seth Jarvis.
9:37 of 2nd period - Shot Blocked by Marcus Pettersson.
9:47 of 2nd period - Snap shot by Logan Cooley.
9:47 of 2nd period - Shot Misses the Net.
9:53 of 2nd period - Logan Cooley is hit by Matthew Knies and loses puck.
10:06 of 2nd period - Adam Henrique is hit by Andrei Svechnikov and loses puck.
10:27 of 2nd period - Snap shot by T.J. Oshie.
10:27 of 2nd period - Shot Blocked by Peyton Krebs.
10:29 of 2nd period - Slapshot by Brandon Tanev.
10:29 of 2nd period - Stopped by Andrei Vasilevskiy without a rebound.
10:30 of 2nd period - Ryan Johansen wins face-off versus Peyton Krebs in Los Angeles Kings zone.
11:59 of 2nd period - Snap shot by Andrei Kuzmenko.
11:59 of 2nd period - Stopped by Stuart Skinner without a rebound.
12:00 of 2nd period - Ryan Johansen wins face-off versus Peyton Krebs in San Jose Sharks zone.
12:00 of 2nd period - Ryan Johansen is hit by Michael Eyssimont.
12:03 of 2nd period - Minor Penalty to Sean Durzi for Cross-checking.
12:04 of 2nd period - Adam Fantilli wins face-off versus Ryan Johansen in San Jose Sharks zone.
12:04 of 2nd period - Wrist shot by Andrei Svechnikov.
12:04 of 2nd period - Deflect By Adam Fantilli.
12:04 of 2nd period - Stopped by Stuart Skinner without a rebound.
12:05 of 2nd period - Adam Fantilli wins face-off versus Ryan Johansen in San Jose Sharks zone.
12:10 of 2nd period - Wrist shot by Blake Wheeler.
12:10 of 2nd period - Deflect By Andrei Svechnikov.
12:10 of 2nd period - Shot Misses the Net.
12:10 of 2nd period - Puck is out of play.
12:11 of 2nd period - Ryan Johansen wins face-off versus Adam Fantilli in San Jose Sharks zone.
12:26 of 2nd period - Slapshot by Blake Wheeler.
12:26 of 2nd period - Shot Misses the Net.
12:48 of 2nd period - Snap shot by Ryan Johansen.
12:48 of 2nd period - Shot Misses the Net.
12:59 of 2nd period - Off-side.
13:00 of 2nd period - Adam Henrique wins face-off versus Blake Wheeler in neutral zone.
13:03 of 2nd period - Wrist shot by Kevin Fiala.
13:03 of 2nd period - Stopped by Andrei Vasilevskiy without a rebound.
13:04 of 2nd period - Adam Fantilli wins face-off versus Adam Henrique in Los Angeles Kings zone.
13:15 of 2nd period - Snap shot by Adam Fantilli.
13:15 of 2nd period - Goal by Adam Fantilli - Los Angeles Kings : 1 - San Jose Sharks : 1.
13:16 of 2nd period - Ryan Johansen wins face-off versus Cooper Marody in neutral zone.
13:42 of 2nd period - Trent Frederic is hit by Yegor Sharangovich and loses puck.
13:47 of 2nd period - Snap shot by Kevin Fiala.
13:47 of 2nd period - Stopped by Andrei Vasilevskiy without a rebound.
13:48 of 2nd period - Adam Henrique wins face-off versus Adam Fantilli in Los Angeles Kings zone.
14:09 of 2nd period - Minor Penalty to Andrei Svechnikov for Holding.
14:10 of 2nd period - Ryan Johansen wins face-off versus Erik Brannstrom in Los Angeles Kings zone.
14:35 of 2nd period - Alexander Romanov is hit by Kevin Fiala and loses puck.
15:02 of 2nd period - Wrist shot by Logan Cooley.
15:02 of 2nd period - Shot Misses the Net.
16:09 of 2nd period - Penalty to Andrei Svechnikov is over, Andrei Svechnikov is back on ice.
16:20 of 2nd period - Snap shot by Max Domi.
16:20 of 2nd period - Shot Blocked by Noah Dobson.
16:22 of 2nd period - Slapshot by Alec Martinez.
16:22 of 2nd period - Shot Misses the Net.
16:24 of 2nd period - Slapshot by Max Domi.
16:24 of 2nd period - Goal by Max Domi - Los Angeles Kings : 1 - San Jose Sharks : 2.
16:25 of 2nd period - Adam Henrique wins face-off versus Adam Fantilli in neutral zone.
16:25 of 2nd period - Adam Henrique is hit by Andrei Svechnikov.
16:39 of 2nd period - Snap shot by Trent Frederic.
16:39 of 2nd period - Shot Misses the Net.
16:41 of 2nd period - Snap shot by Owen Power.
16:41 of 2nd period - Deflect By Kevin Fiala.
16:41 of 2nd period - Stopped by Stuart Skinner without a rebound.
16:41 of 2nd period - Minor Penalty to Stuart Skinner for Delaying the game.
16:42 of 2nd period - Ryan Johansen wins face-off versus Logan Cooley in San Jose Sharks zone.
16:42 of 2nd period - Ryan Johansen is hit by Noah Dobson.
17:08 of 2nd period - Adam Henrique is hit by Andrei Svechnikov and loses puck.
17:43 of 2nd period - Ryan Johansen is hit by Andrei Svechnikov and loses puck.
18:41 of 2nd period - Penalty to Marcus Pettersson is over, Marcus Pettersson is back on ice.
19:10 of 2nd period - Peyton Krebs is hit by Sean Durzi and loses puck.
Goals for this period are 1 for Los Angeles Kings vs 1 for San Jose Sharks.
Shots for this period are 10 for Los Angeles Kings vs 4 for San Jose Sharks.
3rd period
0:01 of 3rd period - Logan Cooley wins face-off versus Matthew Knies in neutral zone.
0:06 of 3rd period - Ryan Johansen is hit by Seth Jarvis and loses puck.
0:33 of 3rd period - Icing by Marcus Pettersson.
0:34 of 3rd period - Adam Henrique wins face-off versus Adam Fantilli in San Jose Sharks zone.
0:49 of 3rd period - Snap shot by Yegor Sharangovich.
0:49 of 3rd period - Shot Blocked by Noah Dobson.
0:58 of 3rd period - Icing by Marcus Pettersson.
0:59 of 3rd period - Ryan Johansen wins face-off versus Logan Cooley in San Jose Sharks zone.
1:04 of 3rd period - Jonathan Drouin is hit by Seth Jarvis and loses puck.
1:25 of 3rd period - Connor Murphy is hit by Blake Wheeler and loses puck.
1:30 of 3rd period - Snap shot by Andrei Svechnikov.
1:30 of 3rd period - Stopped by Stuart Skinner without a rebound.
1:31 of 3rd period - Adam Fantilli wins face-off versus Kevin Fiala in San Jose Sharks zone.
1:41 of 3rd period - Icing by Dmitry Orlov.
1:42 of 3rd period - Kevin Fiala wins face-off versus Cooper Marody in San Jose Sharks zone.
1:51 of 3rd period - Backhand shot by K'Andre Miller.
1:51 of 3rd period - Stopped by Stuart Skinner without a rebound.
1:52 of 3rd period - Cooper Marody wins face-off versus Ryan Johansen in San Jose Sharks zone.
2:01 of 3rd period - Snap shot by Blake Wheeler.
2:01 of 3rd period - Shot Blocked by Marcus Pettersson.
2:09 of 3rd period - Marcus Pettersson is hit by Cooper Marody and loses puck.
2:18 of 3rd period - Wrist shot by Blake Wheeler.
2:18 of 3rd period - Shot Misses the Net.
2:20 of 3rd period - Backhand shot by K'Andre Miller.
2:20 of 3rd period - Deflect By Blake Wheeler.
2:20 of 3rd period - Stopped by Stuart Skinner with a rebound.
2:30 of 3rd period - Slapshot by Noah Dobson.
2:30 of 3rd period - Stopped by Stuart Skinner with a rebound.
2:32 of 3rd period - Wrist shot by Erik Brannstrom.
2:32 of 3rd period - Shot Misses the Net.
2:34 of 3rd period - Slapshot by K'Andre Miller.
2:34 of 3rd period - Stopped by Stuart Skinner without a rebound.
2:35 of 3rd period - Adam Fantilli wins face-off versus Adam Henrique in San Jose Sharks zone.
3:00 of 3rd period - Alexander Romanov is hit by Matthew Knies and loses puck.
3:07 of 3rd period - Snap shot by Jonathan Drouin.
3:07 of 3rd period - Stopped by Andrei Vasilevskiy with a rebound.
3:23 of 3rd period - Wrist shot by Noel Acciari.
3:23 of 3rd period - Goal by Noel Acciari - Los Angeles Kings : 1 - San Jose Sharks : 3.
3:24 of 3rd period - Ryan Johansen wins face-off versus Logan Cooley in neutral zone.
3:29 of 3rd period - Snap shot by Matthew Knies.
3:29 of 3rd period - Shot Misses the Net.
3:49 of 3rd period - Alexander Alexeyev is hit by Marcus Pettersson and loses puck.
3:54 of 3rd period - Wrist shot by Adam Henrique.
3:54 of 3rd period - Stopped by Andrei Vasilevskiy with a rebound.
4:18 of 3rd period - Snap shot by Max Domi.
4:18 of 3rd period - Stopped by Andrei Vasilevskiy with a rebound.
4:20 of 3rd period - Wrist shot by Brandon Tanev.
4:20 of 3rd period - Stopped by Andrei Vasilevskiy with a rebound.
4:34 of 3rd period - Snap shot by Logan Cooley.
4:34 of 3rd period - Stopped by Stuart Skinner without a rebound.
4:35 of 3rd period - Logan Cooley wins face-off versus Ryan Johansen in San Jose Sharks zone.
4:38 of 3rd period - Backhand shot by Seth Jarvis.
4:38 of 3rd period - Shot Misses the Net.
4:48 of 3rd period - Wrist shot by Logan Cooley.
4:48 of 3rd period - Stopped by Stuart Skinner without a rebound.
4:49 of 3rd period - Adam Henrique wins face-off versus Logan Cooley in San Jose Sharks zone.
4:49 of 3rd period - Adam Henrique is hit by Logan Cooley.
5:17 of 3rd period - Wrist shot by Jonathan Drouin.
5:17 of 3rd period - Shot Blocked by Trent Frederic.
5:19 of 3rd period - Snap shot by Ryan Johansen.
5:19 of 3rd period - Shot Misses the Net.
5:21 of 3rd period - Snap shot by Marcus Pettersson.
5:21 of 3rd period - Shot Blocked by Owen Power.
5:39 of 3rd period - Snap shot by Andrei Svechnikov.
5:39 of 3rd period - Shot Blocked by Max Domi.
5:41 of 3rd period - Snap shot by Michael Eyssimont.
5:41 of 3rd period - Shot Misses the Net.
5:43 of 3rd period - Wrist shot by Peyton Krebs.
5:43 of 3rd period - Deflect By Andrei Kuzmenko.
5:43 of 3rd period - Shot Misses the Net.
5:43 of 3rd period - Puck is out of play.
5:44 of 3rd period - Adam Henrique wins face-off versus Michael Eyssimont in San Jose Sharks zone.
5:49 of 3rd period - Yegor Sharangovich is hit by Andrei Kuzmenko and loses puck.
6:00 of 3rd period - Snap shot by Peyton Krebs.
6:00 of 3rd period - Stopped by Stuart Skinner with a rebound.
6:02 of 3rd period - Wrist shot by Peyton Krebs.
6:02 of 3rd period - Stopped by Stuart Skinner without a rebound.
6:03 of 3rd period - Ryan Johansen wins face-off versus Logan Cooley in San Jose Sharks zone.
6:18 of 3rd period - Christopher Tanev is hit by Seth Jarvis.
7:11 of 3rd period - Snap shot by Max Domi.
7:11 of 3rd period - Shot Misses the Net.
7:24 of 3rd period - Slapshot by Dmitry Orlov.
7:24 of 3rd period - Deflect By Kevin Fiala.
7:24 of 3rd period - Shot Misses the Net.
7:24 of 3rd period - Puck is out of play.
7:25 of 3rd period - Peyton Krebs wins face-off versus Max Domi in Los Angeles Kings zone.
8:22 of 3rd period - Slapshot by Eeli Tolvanen.
8:22 of 3rd period - Deflect By Noel Acciari.
8:22 of 3rd period - Shot Misses the Net.
8:22 of 3rd period - Puck is out of play.
8:23 of 3rd period - Logan Cooley wins face-off versus Ryan Johansen in Los Angeles Kings zone.
8:38 of 3rd period - Slapshot by Noah Dobson.
8:38 of 3rd period - Stopped by Stuart Skinner with a rebound.
9:26 of 3rd period - Minor Penalty to Blake Wheeler for Interference.
9:27 of 3rd period - Ryan Johansen wins face-off versus Erik Brannstrom in Los Angeles Kings zone.
10:02 of 3rd period - Backhand shot by Yegor Sharangovich.
10:02 of 3rd period - Shot Misses the Net.
11:26 of 3rd period - Penalty to Blake Wheeler is over, Blake Wheeler is back on ice.
11:47 of 3rd period - Off-side.
11:48 of 3rd period - Max Domi wins face-off versus Michael Eyssimont in neutral zone.
11:57 of 3rd period - Snap shot by Max Domi.
11:57 of 3rd period - Deflect By T.J. Oshie.
11:57 of 3rd period - Goal by T.J. Oshie - Los Angeles Kings : 1 - San Jose Sharks : 4.
11:58 of 3rd period - Cooper Marody wins face-off versus Ryan Johansen in neutral zone.
12:09 of 3rd period - Wrist shot by Matthew Knies.
12:09 of 3rd period - Deflect By Ryan Johansen.
12:09 of 3rd period - Stopped by Andrei Vasilevskiy without a rebound.
12:10 of 3rd period - Adam Henrique wins face-off versus Logan Cooley in Los Angeles Kings zone.
12:35 of 3rd period - Jonathan Drouin is hit by Trent Frederic and loses puck.
12:58 of 3rd period - Andrei Kuzmenko is hit by T.J. Oshie and loses puck.
13:23 of 3rd period - Slapshot by Calle Jarnkrok.
13:23 of 3rd period - Stopped by Andrei Vasilevskiy with a rebound.
13:25 of 3rd period - Wrist shot by Sean Durzi.
13:25 of 3rd period - Stopped by Andrei Vasilevskiy with a rebound.
14:34 of 3rd period - Slapshot by Logan Cooley.
14:34 of 3rd period - Shot Blocked by Alec Martinez.
15:00 of 3rd period - Dmitry Orlov is hit by Alexander Romanov and loses puck.
15:13 of 3rd period - Seth Jarvis is hit by Ryan Johansen.
15:28 of 3rd period - Icing by Owen Power.
15:29 of 3rd period - Logan Cooley wins face-off versus Adam Henrique in Los Angeles Kings zone.
15:29 of 3rd period - Logan Cooley is hit by Yegor Sharangovich.
15:37 of 3rd period - Erik Brannstrom is hit by Adam Henrique and loses puck.
15:50 of 3rd period - Snap shot by Logan Cooley.
15:50 of 3rd period - Stopped by Stuart Skinner with a rebound.
15:56 of 3rd period - Alexander Romanov is hit by Matthew Knies and loses puck.
16:13 of 3rd period - Snap shot by Seth Jarvis.
16:13 of 3rd period - Stopped by Stuart Skinner with a rebound.
16:15 of 3rd period - Slapshot by Alexander Romanov.
16:15 of 3rd period - Deflect By Logan Cooley.
16:15 of 3rd period - Shot Misses the Net.
16:15 of 3rd period - Puck is out of play.
16:16 of 3rd period - Max Domi wins face-off versus Adam Fantilli in San Jose Sharks zone.
16:21 of 3rd period - Trent Frederic is hit by T.J. Oshie and loses puck.
17:11 of 3rd period - Slapshot by Adam Henrique.
17:11 of 3rd period - Shot Misses the Net.
17:33 of 3rd period - Snap shot by Noah Dobson.
17:33 of 3rd period - Shot Misses the Net.
17:35 of 3rd period - Wrist shot by Blake Wheeler.
17:35 of 3rd period - Deflect By Cooper Marody.
17:35 of 3rd period - Shot Misses the Net.
17:35 of 3rd period - Puck is out of play.
17:36 of 3rd period - Adam Henrique wins face-off versus Peyton Krebs in San Jose Sharks zone.
17:41 of 3rd period - Slapshot by Kevin Fiala.
17:41 of 3rd period - Shot Misses the Net.
17:43 of 3rd period - Slapshot by Yegor Sharangovich.
17:43 of 3rd period - Stopped by Andrei Vasilevskiy without a rebound.
17:44 of 3rd period - Peyton Krebs wins face-off versus Adam Henrique in Los Angeles Kings zone.
17:51 of 3rd period - Slapshot by Michael Eyssimont.
17:51 of 3rd period - Shot Misses the Net.
17:53 of 3rd period - Slapshot by Blake Wheeler.
17:53 of 3rd period - Stopped by Stuart Skinner with a rebound.
18:17 of 3rd period - Snap shot by Logan Cooley.
18:17 of 3rd period - Shot Misses the Net.
18:19 of 3rd period - Slapshot by Logan Cooley.
18:19 of 3rd period - Shot Misses the Net.
18:39 of 3rd period - Wrist shot by Adam Fantilli.
18:39 of 3rd period - Goal by Adam Fantilli - Los Angeles Kings : 2 - San Jose Sharks : 4.
18:40 of 3rd period - Max Domi wins face-off versus Cooper Marody in neutral zone.
18:42 of 3rd period - Minor Penalty to T.J. Oshie for Interference.
18:43 of 3rd period - Logan Cooley wins face-off versus Ryan Johansen in San Jose Sharks zone.
18:43 of 3rd period - Wrist shot by Seth Jarvis.
18:43 of 3rd period - Deflect By Logan Cooley.
18:43 of 3rd period - Shot Misses the Net.
18:43 of 3rd period - Puck is out of play.
18:44 of 3rd period - Logan Cooley wins face-off versus Ryan Johansen in San Jose Sharks zone.
18:45 of 3rd period - Slapshot by Seth Jarvis.
18:45 of 3rd period - Shot Blocked by Sean Durzi.
18:47 of 3rd period - Slapshot by Erik Brannstrom.
18:47 of 3rd period - Shot Misses the Net.
18:49 of 3rd period - Wrist shot by Logan Cooley.
18:49 of 3rd period - Shot Misses the Net.
18:53 of 3rd period - Snap shot by Seth Jarvis.
18:53 of 3rd period - Los Angeles Kings goal is going for a video replay.
18:53 of 3rd period - The goal is good.
18:53 of 3rd period - Goal by Seth Jarvis - Los Angeles Kings : 3 - San Jose Sharks : 4.
18:54 of 3rd period - Logan Cooley wins face-off versus Adam Henrique in neutral zone.
18:57 of 3rd period - Los Angeles Kings, Andrei Vasilevskiy is pulled from the net.
19:13 of 3rd period - Snap shot by Logan Cooley.
19:13 of 3rd period - Goal by Logan Cooley - Los Angeles Kings : 4 - San Jose Sharks : 4.
19:13 of 3rd period - Andrei Vasilevskiy from Los Angeles Kings was sent back in the game.
19:14 of 3rd period - Max Domi wins face-off versus Cooper Marody in neutral zone.
19:27 of 3rd period - Snap shot by T.J. Oshie.
19:27 of 3rd period - Stopped by Andrei Vasilevskiy with a rebound.
19:29 of 3rd period - Backhand shot by T.J. Oshie.
19:29 of 3rd period - Shot Misses the Net.
19:41 of 3rd period - Noel Acciari is hit by Blake Wheeler and loses puck.
Goals for this period are 3 for Los Angeles Kings vs 2 for San Jose Sharks.
Shots for this period are 16 for Los Angeles Kings vs 11 for San Jose Sharks.
Overtime #1
0:01 of 1st overtime period - Adam Henrique wins face-off versus Seth Jarvis in neutral zone.
0:16 of 1st overtime period - Wrist shot by Adam Henrique.
0:16 of 1st overtime period - Stopped by Andrei Vasilevskiy with a rebound.
0:36 of 1st overtime period - Snap shot by Logan Cooley.
0:36 of 1st overtime period - Shot Misses the Net.
1:47 of 1st overtime period - Icing by Noah Dobson.
1:48 of 1st overtime period - Adam Henrique wins face-off versus Erik Brannstrom in Los Angeles Kings zone.
3:51 of 1st overtime period - Wrist shot by Yegor Sharangovich.
3:51 of 1st overtime period - Deflect By Max Domi.
3:51 of 1st overtime period - Stopped by Andrei Vasilevskiy with a rebound.
4:11 of 1st overtime period - Erik Brannstrom is hit by Connor Murphy and loses puck.
Goals for this period are 0 for Los Angeles Kings vs 0 for San Jose Sharks.
Shots for this period are 0 for Los Angeles Kings vs 2 for San Jose Sharks.
ShootOut
5:00 of 1st overtime period - Round #1.
5:00 of 1st overtime period - Los Angeles Kings, Seth Jarvis.
5:00 of 1st overtime period - Snap shot by Seth Jarvis.
5:00 of 1st overtime period - Stopped by Stuart Skinner.
5:00 of 1st overtime period - San Jose Sharks, Adam Henrique.
5:00 of 1st overtime period - Wrist shot by Adam Henrique.
5:00 of 1st overtime period - Stopped by Andrei Vasilevskiy.
5:00 of 1st overtime period - Round #2.
5:00 of 1st overtime period - Los Angeles Kings, Andrei Svechnikov.
5:00 of 1st overtime period - Snap shot by Andrei Svechnikov.
5:00 of 1st overtime period - Goal by Andrei Svechnikov.
5:00 of 1st overtime period - San Jose Sharks, Kevin Fiala.
5:00 of 1st overtime period - Backhand shot by Kevin Fiala.
5:00 of 1st overtime period - Stopped by Andrei Vasilevskiy.
5:00 of 1st overtime period - Round #3.
5:00 of 1st overtime period - Los Angeles Kings, Erik Brannstrom.
5:00 of 1st overtime period - Snap shot by Erik Brannstrom.
5:00 of 1st overtime period - Stopped by Stuart Skinner.
5:00 of 1st overtime period - San Jose Sharks, Yegor Sharangovich.
5:00 of 1st overtime period - Deke by Yegor Sharangovich.
5:00 of 1st overtime period - Goal by Yegor Sharangovich.
5:00 of 1st overtime period - Round #4.
5:00 of 1st overtime period - Los Angeles Kings, Logan Cooley.
5:00 of 1st overtime period - Wrist shot by Logan Cooley.
5:00 of 1st overtime period - Shot Misses the Net.
5:00 of 1st overtime period - San Jose Sharks, Jonathan Drouin.
5:00 of 1st overtime period - Snap shot by Jonathan Drouin.
5:00 of 1st overtime period - Stopped by Andrei Vasilevskiy.
5:00 of 1st overtime period - Round #5.
5:00 of 1st overtime period - Los Angeles Kings, Blake Wheeler.
5:00 of 1st overtime period - Backhand shot by Blake Wheeler.
5:00 of 1st overtime period - Stopped by Stuart Skinner.
5:00 of 1st overtime period - San Jose Sharks, T.J. Oshie.
5:00 of 1st overtime period - Deke by T.J. Oshie.
5:00 of 1st overtime period - Stopped by Andrei Vasilevskiy.
5:00 of 1st overtime period - Round #6.
5:00 of 1st overtime period - Los Angeles Kings, Andrei Kuzmenko.
5:00 of 1st overtime period - Deke by Andrei Kuzmenko.
5:00 of 1st overtime period - Stopped by Stuart Skinner.
5:00 of 1st overtime period - San Jose Sharks, Brandon Tanev.
5:00 of 1st overtime period - Snap shot by Brandon Tanev.
5:00 of 1st overtime period - Goal by Brandon Tanev.
Back to the Top